 Dungeon Crawl Stone Soup version 0.21.1-1-g345015f (webtiles) character file.

404 Supreme the Gusty (level 6, -16/32 HPs)
             Began as a Tengu Air Elementalist on Apr 8, 2018.
             Was an Initiate of Vehumet.
             Demolished by an orc warrior
             ... wielding a +0 hand axe
              (18 damage)
             ... on level 6 of the Dungeon.
             The game lasted 01:02:01 (2650 turns).

Supreme the Gusty (Tengu Air Elementalist)          Turns: 2650, Time: 01:02:01

Health: -16/32     AC:  4    Str:  9    XL:     6   Next: 86%
Magic:  7/12       EV: 14    Int: 17    God:    Vehumet [......]
Gold:   150        SH:  0    Dex: 14    Spells: 2/12 levels left

rFire    + . .     SeeInvis .   k - +1 falchion (holy)
rCold    . . .     Gourm    .   (no shield)
rNeg     . . .     Faith    .   p - +1 robe {rF+}
rPois    +         Spirit   .   (helmet restricted)
rElec    .         Reflect  .   (no cloak)
rCorr    .         Harm     .   a - +0 pair of gloves
MR       .....                  (boots unavailable)
Stlth    ++........             q - amulet of regeneration
HPRegen  0.50/turn              i - ring of poison resistance
MPRegen  0.13/turn              (no ring)

@: no status effects
A: beak, talons 3, able to fly 1
a: Fly, Renounce Religion


You were on level 6 of the Dungeon.
You worshipped Vehumet.
Vehumet was noncommittal.
You were not hungry.

You visited 2 branches of the dungeon, and saw 8 of its levels.

You collected 150 gold pieces.

Inventory:

Hand Weapons
 k - a +1 falchion of holy wrath (weapon)
 s - a +3 dagger
Armour
 a - a +0 pair of gloves (worn)
 d - a +2 leather armour of poison resistance
 p - a +1 robe of fire resistance (worn)
Jewellery
 i - a ring of poison resistance (left hand)
 q - an amulet of regeneration (around neck)
Wands
 f - a wand of flame (11)
 u - a wand of polymorph (7)
Scrolls
 b - a scroll of enchant armour {unknown}
 e - 2 scrolls of remove curse {unknown}
Potions
 g - a potion of agility {unknown}
 h - a potion of cancellation {unknown}
Comestibles
 c - 7 rations
 j - 2 chunks of flesh


   Skills:
 + Level 3.7 Dodging
 + Level 3.1 Stealth
 + Level 3.5 Spellcasting
 + Level 3.9 Conjurations
 + Level 0.1 Charms
 + Level 6.0 Air Magic
 + Level 0.6 Evocations


You had 2 spell levels left.
You knew the following spells:

 Your Spells              Type           Power        Failure   Level  Hunger
a - Shock                 Conj/Air       ###.         1%          1    None
b - Swiftness             Chrm/Air       ##......     7%          2    ##.....
c - Static Discharge      Conj/Air       ###.....     6%          3    ###....
d - Airstrike             Air            ###.......   14%         4    ####...


Dungeon Overview and Level Annotations

Branches:
Dungeon (7/15)             Temple (1/1) D:5

Altars:
Ashenzari
Cheibriados
Fedhas
Gozag
Kikubaaqudgha
Makhleb
Nemelex Xobeh
Qazlal
Trog
Uskayaw
Vehumet
Wu Jian
Zin

Annotations:
D:3 1 runed door, 1 exclusion, Grinder
D:4 Kairos's ghost, amateur FoFi


Innate Abilities, Weirdness & Mutations

You have a beak for a mouth.
You have claws for feet.
You can fly.


Message History

Casting: Shock
Confirm with . or Enter, or press ? or * to list all spells.
Aiming: Shock
Press: ? - help, Shift-Dir - straight line The zap hits the ogre.
The ogre is severely wounded.
The zap hits the ogre.
The ogre is almost dead.
The orc warrior shouts!
You hear a shout! x2
The ogre hits you with a giant club!!
Ouch! That really hurt!
The orc shouts!
The orc priest mumbles some strange prayers to Beogh against you.
Beogh smites you!
* * * LOW HITPOINT WARNING * * *
The orc priest shouts!
Unknown command.
The orc warrior hits you with a hand axe!!
Ouch! That really hurt!
You die...

#.....#
#.....########
..#..
#.....#......###.
..#..
o.#...o.#..........
..'.
..o....[#..........
..#
..#..o..o..........
..#
#....)#..O##.####
..# #..)..#.o.# ..#
#..)..#.@.# ..#
#...).#...# ..#
#.....#...# ..#
#...[.#...#
..#######.....#...+
#.............#...#
#.............#...#
#.............#....
#.............#


You could see an orc warrior, an ogre and 2 orc priests.

Vanquished Creatures
  The ghost of iamserjio the Sneak, an amateur OpMo (D:3)
  An iguana (D:5)
  Ijyb (D:3)
  A worker ant (D:4)
  A hound zombie (D:6)
  3 adders (D:2)
  An adder zombie (D:6)
  2 worms
  2 dart slugs
  5 leopard geckos
  10 orcs
  3 bats
  4 giant cockroaches
  9 hobgoblins
  6 jackals
  2 quokkas
  A ball python (D:2)
  2 frilled lizards (D:1)
  6 goblins
  10 kobolds
  5 rats
76 creatures vanquished.

Notes
Turn   | Place    | Note
-------+----------+-------------------------------------------
     0 | D:1      | Supreme the Tengu Air Elementalist began the quest for the Orb.
     0 | D:1      | Reached XP level 1. HP: 10/10 MP: 4/4
   224 | D:1      | Reached XP level 2. HP: 13/15 MP: 1/6
   497 | D:1      | Learned a level 2 spell: Swiftness
   513 | D:1      | Reached XP level 3. HP: 8/19 MP: 3/7
   523 | D:1      | Learned a level 3 spell: Static Discharge
   830 | D:5      | Entered Level 5 of the Dungeon
   955 | D:2      | Reached XP level 4. HP: 10/24 MP: 2/8
  1203 | D:4      | Reached skill level 5 in Air Magic
  1221 | D:4      | Found a sparkling altar of Nemelex Xobeh.
  1221 | D:4      | Found an ancient bone altar of Kikubaaqudgha.
  1221 | D:4      | Noticed Kairos's ghost (amateur FoFi)
  1407 | D:2      | Gained mutation: You can fly. [Tengu growth]
  1407 | D:2      | Reached XP level 5. HP: 23/28 MP: 7/9
  1648 | D:3      | Found a stormy altar of Qazlal.
  1649 | D:3      | Noticed an air elemental
  1653 | D:3      | Noticed a fire elemental
  1653 | D:3      | Noticed a water elemental
  1789 | D:3      | Noticed Ijyb
  1806 | D:3      | Noticed iamserjio's ghost (amateur OpMo)
  1881 | D:3      | Killed Ijyb
  1912 | D:3      | Found a runed door.
  1946 | D:3      | Found a shattered altar of Ashenzari.
  1997 | D:3      | Killed iamserjio's ghost
  1997 | D:3      | Reached XP level 6. HP: 32/32 MP: 1/12
  2101 | D:3      | Found a faded altar of an unknown god.
  2205 | D:3      | Noticed Grinder
  2276 | D:5      | Found a staircase to the Ecumenical Temple.
  2282 | Temple   | Entered the Ecumenical Temple
  2292 | Temple   | Became a worshipper of Vehumet
  2320 | Temple   | Learned a level 4 spell: Airstrike
  2507 | D:6      | Noticed an orc warrior
  2526 | D:6      | Noticed a sky beast
  2531 | D:6      | Reached skill level 6 in Air Magic
  2569 | D:6      | Noticed an ice beast
  2650 | D:6      | Demolished by an orc warrior

Skill      XL: |  1  2  3  4  5  6 |
---------------+-------------------+-----
Conjurations   | 2 3 |  3.9
Dodging        | 3 |  3.7
Air Magic      | 5 6 |  6.0
Stealth        | 3 |  3.1
Spellcasting   | 3 |  3.5
Charms         | |  0.1
Evocations     | |  0.6

Action                   |  1- 3 |  4- 6 || total
-------------------------+-------+-------++-------
Melee: Short sword       |    19 |       ||    19
       Kick              |     7 |     4 ||    11
       Peck              |     4 |     1 ||     5
       Dagger            |       |    19 ||    19
       Falchion          |       |     1 ||     1
 Cast: Shock             |    36 |    76 ||   112
       Swiftness         |       |     2 ||     2
       Airstrike         |       |     1 ||     1
 Abil: Fly               |       |     5 ||     5
Evoke: Wand              |       |     5 ||     5
 Stab: Sleeping          |       |     2 ||     2
  Eat: Chunk             |       |     4 ||     4
       Ration            |       |     1 ||     1
Armor: Robe              |    19 |    16 ||    35
       Skin              |       |     5 ||     5
Dodge: Dodged            |    67 |    39 ||   106
       Rpst.: Falchion   |       |     1 ||     1
